Map: Honorgrounds LE

Players

Railgan

  • Race: Zerg Zerg
  • League: Grandmaster
  • Spawn Location: 1:00

SoulSpirit - Winner!

  • Race: Zerg Zerg
  • League: Grandmaster
  • Spawn Location: 11:00

VOD

Have the link to the VOD?

Description

Time

  • Played on: March 4, 2017, 7:42 p.m.
  • Length: 8:40
Show
View Real Time Build Order
Export as new Build Order

Railgan Zerg 

Build Orders: Hatch First, Lurkers 

Get SALT Encoding   

  12  0:01  Drone  
  13  0:12  Overlord  
  13  0:17  Drone  
  14  0:31  Drone  
  14  0:32  Drone  
  16  0:36  Drone  
  17  0:46  Drone  
  18  0:57  Hatchery  
  18  1:01  Extractor, Drone  
  17  1:06  Drone  
  18  1:19  Spawning Pool  
  18  1:21  Drone  
  18  1:28  Drone  
  19  1:39  Overlord  
  19  2:00  Drone  
  20  2:08  Spine Crawler, Zergling x2, Queen  
  21  2:09  Queen  
  21  2:10  Zergling x2  
  25  2:16  Metabolic Boost  
  25  2:20  Drone  
  25  2:21  Drone  
  27  2:24  Drone  
  28  2:31  Drone  
  28  2:35  Drone  
  30  2:42  Drone  
  30  2:43  Baneling Nest  
  30  2:50  Drone  
  31  2:51  Overlord  
  31  2:55  Drone  
  33  3:05  Drone x2  
  33  3:08  Lair  
  34  3:13  Zergling x2  
  34  3:18  Drone x2  
  34  3:19  Drone x2  
  39  3:21  Extractor  
  39  3:22  Drone  
  39  3:24  Drone  
  40  3:28  Extractor  
  40  3:31  Overlord  
  39  3:37  Zergling x2  
  39  3:38  Baneling x2, Drone  
  41  3:42  Zergling x2  
  41  3:43  Zergling x2  
  41  3:48  Baneling x2  
  42  3:50  Zergling x4  
  42  3:53  Queen  
  46  4:00  Drone  
  46  4:01  Drone x2  
  46  4:13  Drone  
  46  4:14  Drone x4  
  50  4:21  Overlord  
  50  4:25  Hydralisk Den, Extractor  
  50  4:26  Drone x3  
  50  4:29  Drone  
  52  4:36  Overlord  
  52  4:37  Overlord  
  52  4:45  Overlord  
  52  4:55  Hatchery  
  52  4:59  Lurker Den  
  51  5:03  Drone  
  51  5:04  Drone  
  51  5:05  Drone  
  54  5:09  Drone  
  54  5:13  Unknown  
  57  5:24  Hydralisk  
  57  5:25  Hydralisk x3  
  63  5:33  Overlord  
  63  5:35  Overlord  
  63  5:37  Hydralisk x2  
  67  5:44  Zergling x2  
  67  5:45  Zergling x2  
  67  5:47  Hydralisk x2  
  67  5:49  Zergling x2  
  74  6:02  Overlord  
  74  6:03  Zergling x4  
  76  6:05  Hydralisk  
  78  6:11  Hydralisk  
  84  6:25  Lurker x5  
  84  6:26  Lurker x2  
  84  6:28  Drone  
  84  6:29  Drone x7  
  94  6:41  Muscular Augments  
  94  6:42  Zergling x10  
  94  6:45  Overseer  
  98  6:47  Overlord  
  98  6:51  Extractor x2  
  98  6:53  Zergling x6  
  99  7:07  Hydralisk x3  
  92  7:08  Zergling x2  
  92  7:10  Zergling x2  
  92  7:14  Hydralisk  
  83  7:21  Hydralisk x2  
  81  7:31  Hydralisk  
  81  7:33  Zergling x6  
  81  7:34  Zergling x10  
  86  7:39  Hydralisk x2  
  84  7:48  Hydralisk x3  
  82  8:06  Hydralisk x4  
  92  8:16  Hydralisk  
Show
View Real Time Build Order
Export as new Build Order

SoulSpirit Zerg - Winner!

Build Orders: Hatch First 

Get SALT Encoding   

  12  0:01  Drone  
  13  0:13  Overlord  
  13  0:18  Drone  
  14  0:31  Drone x2  
  14  0:35  Drone  
  17  0:53  Hatchery  
  17  0:56  Drone  
  17  0:59  Drone  
  18  1:10  Extractor  
  17  1:14  Spawning Pool  
  17  1:17  Drone  
  17  1:21  Drone  
  18  1:28  Drone  
  19  1:39  Overlord  
  19  1:51  Drone  
  20  2:00  Queen  
  22  2:01  Zergling x2  
  22  2:06  Drone, Queen  
  26  2:10  Metabolic Boost  
  26  2:11  Drone  
  27  2:15  Drone  
  27  2:22  Drone  
  29  2:26  Drone  
  30  2:34  Drone  
  31  2:42  Hatchery  
  30  2:46  Baneling Nest  
  30  2:48  Drone  
  30  2:50  Drone  
  30  2:59  Drone  
  30  3:02  Drone  
  30  3:04  Overlord  
  32  3:07  Zergling x2  
  32  3:08  Zergling x2  
  32  3:09  Zergling x2  
  35  3:23  Zergling x2  
  35  3:24  Zergling x10  
  41  3:29  Drone  
  41  3:33  Baneling  
  42  3:40  Drone  
  43  3:48  Lair, Roach Warren  
  43  3:50  Overlord  
  43  3:54  Drone  
  43  3:55  Drone x3  
  46  3:58  Drone x3  
  48  4:05  Drone  
  48  4:09  Drone  
  46  4:14  Drone x2  
  46  4:20  Extractor  
  46  4:21  Extractor  
  46  4:22  Evolution Chamber  
  43  4:29  Roach x4  
  51  4:31  Drone x3  
  51  4:32  Queen  
  56  4:40  Drone x2  
  56  4:42  Overlord  
  56  4:43  Overlord  
  58  4:54  Baneling x2  
  58  4:56  Glial Reconstitution  
  58  4:57  Overseer  
  58  5:02  Drone  
  58  5:03  Drone x3  
  58  5:06  Overlord  
  62  5:09  Zerg Missile Weapons Level 1  
  62  5:19  Overlord  
  62  5:21  Drone x2  
  62  5:22  Drone x2  
  62  5:27  Overseer  
  66  5:29  Overlord  
  66  5:30  Drone x2  
  68  5:37  Drone  
  68  5:38  Overlord  
  69  5:44  Overlord  
  69  5:49  Drone x2  
  71  5:50  Overlord  
  71  5:56  Drone x5  
  76  5:58  Extractor  
  76  5:59  Extractor, Drone x4  
  76  6:00  Extractor, Overseer x2  
  76  6:01  Roach x2  
  76  6:02  Roach x2  
  76  6:03  Overlord  
  85  6:06  Roach  
  85  6:07  Ravager x2  
  85  6:09  Ravager  
  90  6:18  Drone x3  
  93  6:20  Drone x2  
  93  6:23  Roach x4  
  93  6:24  Roach  
  104  6:29  Roach x3  
  110  6:33  Overlord  
  109  6:40  Overlord  
  109  6:41  Roach x2  
  109  6:44  Overlord  
  109  6:46  Overlord  
  113  6:47  Overlord  
  113  6:52  Ravager  
  113  6:53  Ravager x3  
  115  7:11  Roach  
  115  7:12  Roach x8  
  114  7:19  Roach x2  
  112  7:28  Roach x7  
  117  7:42  Ravager x3  
  117  7:44  Roach x2  
  121  7:49  Roach x3  
  127  7:52  Drone, Overlord  
  127  7:53  Roach x2  
  127  7:54  Roach  
  127  7:57  Hatchery  
  124  8:07  Roach  
  124  8:08  Roach x7  
Tags
 
Add a new tag
Caveats
  • Supply blocks, unpowered buildings, or Contaminate may cause inaccurate times.
  • Supply counts are checked every 10 seconds.